 Dungeon Crawl Stone Soup version 0.30.1-3-gfc49f6343a (webtiles) character file.

Game seed: 15736798745119299521

854 Peloso the Slasher (level 7, 0/61 HPs)
             Began as a Minotaur Fighter on Aug 4, 2023.
             Slain by an orc wizard
             ... wielding a +1 dagger of electrocution
              (20 damage)
             ... on level 5 of the Dungeon.
             The game lasted 00:07:12 (3427 turns).

Peloso the Slasher (Minotaur Fighter)               Turns: 3427, Time: 00:07:13

Health: 0/61       AC: 10    Str: 20    XL:     7   Next: 70%
Magic:  6/6        EV: 10    Int: 11    God:
Gold:   340        SH:  5    Dex: 12    Spells: 6/6 levels left

rFire   . . .        a - +1 long sword
rCold   . . .        d - +0 buckler
rNeg    . . .        b - +0 scale mail
rPois   .            (helmet restricted)
rElec   .            (no cloak)
rCorr   .            q - +1 pair of gloves of Happy Babbling {Int+6}
SInv    .            (no boots)
Will    .....        k - amulet of regeneration Stlth
                     (no ring)
HPRegen 1.10/turn    (no ring)
MPRegen 0.10/turn

%: no passive effects
@: no status effects
A: horns 2, retaliatory headbutt
a: no special abilities


You were on level 5 of the Dungeon.
You visited 1 branch of the dungeon, and saw 5 of its levels.

You collected 340 gold pieces.

Inventory:

Hand Weapons
 a - a +1 long sword (weapon)
Armour
 b - a +0 scale mail (worn)
 c - a +2 pair of gloves
 d - a +0 buckler (worn)
 q - the +1 pair of gloves of Happy Babbling (worn) {Int+6}
   (You found it on level 4 of the Dungeon)

   Int:       It affects your intelligence (+6).
Jewellery
 g - a ring of wizardry
 k - an amulet of regeneration (around neck)
Wands
 e - a wand of mindburst (9)
 u - a wand of quicksilver (11)
Scrolls
 f - 4 scrolls of fog
 j - a scroll of fear {unknown}
 p - a scroll of acquirement {unknown}
 r - a scroll of teleportation {unknown}
Potions
 i - a potion of brilliance
 l - 2 potions of ambrosia
 m - a potion of curing
 n - a potion of mutation {unknown}
 o - 3 potions of heal wounds {unknown}
 s - a potion of lignification


   Skills:
 + Level 5.5 Fighting
 + Level 7.1 Long Blades
 + Level 6.5 Armour
 + Level 2.0 Dodging
 + Level 0.3 Stealth
 + Level 4.8 Shields


You had 6 spell levels left.
You didn't know any spells.
Your spell library contained the following spells:

 Spells                   Type           Power      Damage    Failure   Level
 Magic Dart               Conj           0%         1d3       75%         1
 Searing Ray              Conj           0%         2d4       86%         2
 Summon Guardian Golem    Hex/Summ       0%         N/A       98%         3
 Fulminant Prism          Conj/Hex       0%         3d5       100%        4
 Orb of Destruction       Conj           0%         9d5       100%        7
 Spellforged Servitor     Conj/Summ      0%         N/A       100%        7


Dungeon Overview and Level Annotations

Branches:
Dungeon (5/15)
 Temple: D:4-7

Altars:
Xom

Shops:
D:1 =

Annotations:
D:3 3 runed translucent doors, LavenderCorpse's ghost, weakling MiFi


Innate Abilities, Weirdness & Mutations

You have a pair of horns on your head.
You reflexively headbutt those who attack you in melee.


Message History

You see here a +0 short sword.
The orc hits you but does no damage. Something hits you but does no damage.
Items here: )) [[.
You barely miss the orc.
The orc is moderately wounded.
The orc barely misses you. You furiously retaliate!
You headbutt the orc.
You hear some strange, mumbled words.
A magic dart appears from out of thin air!
The magic dart hits you!
You hit the orc but do no damage.
The orc is severely wounded.
The orc hits you with a +0 trident of protection.
Something hits you.
You slash the orc!
You kill the orc!
You hear some strange, mumbled words.
A magic dart appears from out of thin air!
The magic dart hits you. Something hits you but does no damage.
Something hits you.
You hear some strange, mumbled words.
You are confused.
Things that are here:
a +0 trident of protection; a +0 leather armour; an orc corpse Something hits you but does no damage.
Items here: )) [[.
Something hits you but does no damage.
You hear some strange, mumbled words.
Something tries to affect you, but you resist.
You see here a +0 short sword.
You bump into the rock wall.
Something hits you.
You are electrocuted!
You feel less confused. Something hits you but does no damage.
You block something's attack.
You see here a +0 short sword.
You closely miss something. Something hits you but does no damage.
You closely miss something. Your headbutt misses something.
Something hits you but does no damage.
You are electrocuted!
You hit something. You headbutt something.
Something hits you but does no damage.
You are electrocuted!!
You die...

.# #.....#.####
...
######.....†.#
....
#..........###
..##
#.......##.# .#
#.......##.#
...##.......##.#
............#..#
............#.##
#..........@#.#
#....######{..#
##.## #..)### #
#.....###
..>.... #######


There were no monsters in sight!

Vanquished Creatures
  A water moccasin (D:5)
  A centaur (D:3)
  A phantom (D:5)
  A kobold brigand (D:4)
  3 scorpions
  A jelly (D:5)
  An orc priest (D:5)
  2 iguanas (D:4)
  An orc wizard (D:5)
  4 gnolls (D:3)
  8 adders
  2 dart slugs
  A worm (D:2)
  12 orcs
  4 bats
  3 endoplasms
  3 giant cockroaches
  8 goblins
  6 hobgoblins
  8 kobolds
  8 quokkas
  10 ball pythons
  2 frilled lizards
  5 rats
96 creatures vanquished.

Notes
Turn   | Place    | Note
-------+----------+-------------------------------------------
     0 | D:1      | Peloso the Minotaur Fighter began the quest for the Orb.
     0 | D:1      | Reached XP level 1. HP: 19/19 MP: 0/0
     5 | D:1      | Noticed a five-headed hydra
   215 | D:1      | Reached XP level 2. HP: 27/27 MP: 1/1
   284 | D:1      | Found Vaefu's Jewellery Shoppe.
   771 | D:1      | Noticed an anaconda
  1221 | D:2      | Reached skill level 3 in Long Blades
  1221 | D:2      | Reached XP level 3. HP: 33/33 MP: 2/2
  1653 | D:2      | Reached XP level 4. HP: 40/40 MP: 3/3
  1984 | D:3      | Noticed LavenderCorpse's ghost (weakling MiFi)
  2011 | D:3      | Found a runed translucent gate.
  2011 | D:3      | Found a runed translucent gate.
  2011 | D:3      | Found a runed translucent gate.
  2087 | D:3      | Identified the +0 helmet "Caem" {SInv}
  2154 | D:3      | Found a hazy altar of Hepliaklqana.
  2156 | D:3      | Found a shimmering altar of Xom.
  2156 | D:3      | Found an iron altar of Okawaru.
  2158 | D:3      | Found a broken altar of Ashenzari.
  2158 | D:3      | Found a hide-covered altar of Uskayaw.
  2158 | D:3      | Found a shimmering altar of Xom.
  2492 | D:4      | Noticed a centaur
  2501 | D:3      | Reached skill level 4 in Long Blades
  2541 | D:3      | Reached XP level 5. HP: 26/47 MP: 4/4
  2547 | D:3      | Killed a centaur
  2548 | D:3      | Reached skill level 5 in Armour
  2548 | D:3      | Reached skill level 1 in Dodging
  2702 | D:4      | Reached skill level 5 in Long Blades
  2702 | D:4      | Reached XP level 6. HP: 55/55 MP: 5/5
  2730 | D:4      | Identified the +1 pair of gloves of Happy Babbling {Int+6}
  2859 | D:4      | Reached skill level 5 in Fighting
  3122 | D:5      | Entered Level 5 of the Dungeon
  3168 | D:5      | Reached skill level 6 in Long Blades
  3168 | D:5      | Reached XP level 7. HP: 57/61 MP: 6/6
  3382 | D:5      | Reached skill level 7 in Long Blades
  3427 | D:5      | Slain by an orc wizard

Illustrated notes

Levels and vault maps discovered:
D:1:      sevenhm_arrival_forest_fort_small_2, layout_basic, serial_shops,
          nicolae_shop_hallway_stairs, dk_noncrumbling_3
D:2:      layout_basic
D:3:      layout_loops_ring, doesnt_xom_only_xom, gammafunk_ghost_icy
D:4:      minmay_opposing_rooms, layout_gridville, minmay_door_square
D:5:      layout_basic, grunt_temple_overflow_opulence

Skill      XL: |  1  2  3  4  5  6  7 |
---------------+----------------------+-----
Armour         | 4 5 6 |  6.5
Fighting       | 4 5 |  5.5
Long Blades    | 3 4 5 6 7 |  7.1
Shields        | 4 |  4.8
Dodging        | 1 2 |  2.0
Stealth        | |  0.3

Action                     |  1- 3 |  4- 6 |  7- 9 || total
---------------------------+-------+-------+-------++-------
  Melee: Long sword        |    96 |   150 |    45 ||   291
         Headbutt          |     9 |    22 |    12 ||    43
    Use: Potion            |     1 |     1 |       ||     2
         Scroll            |     1 |     6 |       ||     7
 Armour: Scale mail        |    58 |    88 |    43 ||   189
  Dodge: Dodged            |    44 |    68 |    15 ||   127
  Block: Buckler           |    23 |    42 |     9 ||    74
